 Dungeon Crawl Stone Soup version 0.30.0 (webtiles) character file.

Game seed: 6410641103414064666

3238 AFUTANJOYER the Blocker (level 9, -1/74 HPs)
             Began as a Gnoll Fighter on May 11, 2023.
             Was an Initiate of Gozag.
             Slain by a two-headed ogre
             ... wielding a +0 giant club
              (22 damage)
             ... on level 7 of the Dungeon.
             The game lasted 00:24:15 (8319 turns).

AFUTANJOYER the Blocker (Gnoll Fighter)             Turns: 8319, Time: 00:24:16

Health: -1/74      AC: 15    Str: 19    XL:     9   Next: 99%
Magic:  16/16      EV:  7    Int:  9    God:    Gozag
Gold:   1054       SH:  6    Dex: 11    Spells: 17/17 levels left

rFire   x . .        E - +6 dagger of Undoing {flame, rF- rC++ Will+ rCorr}
rCold   + + .        c - +0 buckler
rNeg    . . .        s - +0 plate armour
rPois   +            (no helmet)
rElec   .            D - scarf {repulsion}
rCorr   +            (no gloves)
SInv    .            J - +0 pair of boots
Will    +....        (no amulet) Stlth
                     A - ring of poison resistance
HPRegen 0.32/turn    (no ring)
MPRegen 0.15/turn

%: repel missiles
@: no status effects
A: fangs 1, strong nose, distributed training
a: Renounce Religion, Potion Petition, Call Merchant, Bribe Branch


You were on level 7 of the Dungeon.
You worshipped Gozag.
Gozag was most pleased with you.
You visited 2 branches of the dungeon, and saw 9 of its levels.
You also visited: Sewer.

You collected 1097 gold pieces.
You paid 43 gold pieces to Gozag.

Inventory:

Hand Weapons
 a - a +0 war axe
 E - the +6 dagger of Undoing (weapon) {flame, rF- rC++ Will+ rCorr}
   (You found it on level 5 of the Dungeon)

   rF:        It makes you vulnerable to fire.
   rC:        It greatly protects you from cold.
   rCorr:     It protects you from acid and corrosion.
   Will:      It increases your willpower.
Missiles
 b - 3 throwing nets (quivered)
 y - 9 javelins
Armour
 c - a +0 buckler (worn)
 s - a +0 plate armour (worn)
 D - a scarf of repulsion (worn)
 J - a +0 pair of boots (worn)
Jewellery
 A - a ring of poison resistance (left hand)
Wands
 z - a wand of flame (11)
 C - a wand of paralysis (8)
Scrolls
 e - 2 scrolls of fog {unknown}
 f - a scroll of enchant weapon {unknown}
 g - 2 scrolls of enchant armour {unknown}
 i - a scroll of vulnerability {unknown}
 k - 9 scrolls of teleportation {unknown}
 m - 2 scrolls of blinking {unknown}
 o - 2 scrolls of silence {unknown}
 r - 7 scrolls of identify {unknown}
 v - 3 scrolls of immolation {unknown}
 x - a scroll of acquirement {unknown}
 B - a scroll of noise {unknown}
 F - 2 scrolls of summoning {unknown}
 G - a scroll of torment {unknown}
Potions
 d - 5 potions of might
 h - 4 potions of flight
 j - 3 potions of ambrosia {unknown}
 l - a potion of brilliance {unknown}
 n - 5 potions of curing
 p - 3 potions of degeneration {unknown}
 q - 3 potions of heal wounds
 t - 2 potions of invisibility {unknown}
 u - a potion of haste {unknown}
 w - a potion of cancellation {unknown}
 H - a potion of mutation {unknown}
Miscellaneous
 I - a phial of floods (inert)


   Skills:
 + Level 8.3 Fighting
 + Level 4.9 Short Blades
 + Level 4.9 Long Blades
 + Level 6.8 Axes
 + Level 4.9 Maces & Flails
 + Level 4.9 Polearms
 + Level 4.9 Staves
 + Level 4.9 Ranged Weapons
 + Level 4.9 Throwing
 + Level 8.3 Armour
 + Level 4.9 Dodging
 + Level 4.9 Stealth
 + Level 8.3 Shields
 + Level 4.9 Unarmed Combat
 + Level 4.9 Spellcasting
 + Level 4.1 Conjurations
 + Level 4.1 Hexes
 + Level 4.1 Summonings
 + Level 4.1 Necromancy
 + Level 4.1 Translocations
 + Level 4.1 Transmutations
 + Level 4.1 Fire Magic
 + Level 4.1 Ice Magic
 + Level 4.1 Air Magic
 + Level 4.1 Earth Magic
 + Level 4.1 Poison Magic
 + Level 5.4 Invocations
 + Level 4.9 Evocations


You had 17 spell levels left.
You didn't know any spells.
Your spell library contained the following spells:

 Spells                   Type           Power      Damage    Failure   Level
 Shock                    Conj/Air       36%        1d5       77%         1
 Blink                    Tloc           18%        N/A       88%         2
 Cigotuvi's Dreadful Rot  Necr/Pois/Air  18%        N/A       88%         2
 Lesser Beckoning         Tloc           18%        N/A       88%         2
 Momentum Strike          Conj/Tloc      18%        3d8       88%         2
 Dazzling Flash           Conj/Hex       18%        N/A       98%         3
 Portal Projectile        Hex/Tloc       18%        N/A       98%         3
 Swiftness                Air            9%         N/A       98%         3
 Tukima's Dance           Hex            9%         N/A       98%         3
 Airstrike                Air            4%         2d(1-17)  100%        4
 Cause Fear               Hex            4%         N/A       100%        4
 Dispel Undead            Necr           9%         3d8       100%        4
 Blade Hands              Tmut           4%         N/A       100%        5
 Silence                  Hex/Air        4%         N/A       100%        5
 Death Channel            Necr           4%         N/A       100%        6


Dungeon Overview and Level Annotations

Branches:
Dungeon (8/15)             Temple (1/1) D:4           Sewer (visited)
   Lair: D:8-11

Altars:
Ashenzari
Cheibriados
Dithmenos
Elyvilon
Fedhas
Gozag
Hepliaklqana
Nemelex Xobeh
Ru
Sif Muna
Trog
Vehumet
Wu Jian
Xom
Yredelemnul
Zin
The Shining One

Shops:
D:2 (   D:3 !(

Annotations:
D:4 3 runed translucent doors, Mango's ghost, journeyman FoFi


Innate Abilities, Weirdness & Mutations

You have very sharp teeth.
Your uncanny sense of smell can sniff out nearby items.
Your experience applies equally to all skills.


Message History

You are too injured to fight recklessly!
Unknown command.
You are too injured to fight recklessly!
Unknown command.
You are too injured to fight recklessly!
Unknown command.
You are too injured to fight recklessly!
Unknown command.
You are too injured to fight recklessly!
Unknown command.
Hit: E) +6 dagger of Undoing {flame, rF- rC++ Will+ rCorr}
Press: ? - help, Dir - move target, f - two-headed ogre
Aim: a two-headed ogre, wielding two +0 giant clubs (moderately wounded, about 18% to evade the +6 dagger of Undoing)
You closely miss the two-headed ogre.
You bite the two-headed ogre, but do no damage.
The two-headed ogre is moderately wounded.
Unknown command.
Hit: E) +6 dagger of Undoing {flame, rF- rC++ Will+ rCorr}
Press: ? - help, Dir - move target, f/p - two-headed ogre
Aim: a two-headed ogre, wielding two +0 giant clubs (moderately wounded, about 18% to evade the +6 dagger of Undoing)
You completely miss the two-headed ogre.
The two-headed ogre is moderately wounded.
The two-headed ogre hits you with a +0 giant club!
* * * LOW HITPOINT WARNING * * *
The two-headed ogre barely misses you.
Hit: E) +6 dagger of Undoing {flame, rF- rC++ Will+ rCorr}
Press: ? - help, Dir - move target, f/p - two-headed ogre
Aim: a two-headed ogre, wielding two +0 giant clubs (moderately wounded, about 18% to evade the +6 dagger of Undoing)
You hit the two-headed ogre. You burn the two-headed ogre.
You bite the two-headed ogre.
The two-headed ogre is heavily wounded.
Unknown command.
Hit: E) +6 dagger of Undoing {flame, rF- rC++ Will+ rCorr}
Press: ? - help, Dir - move target, f/p - two-headed ogre
Aim: a two-headed ogre, wielding two +0 giant clubs (heavily wounded, about 18% to evade the +6 dagger of Undoing)
You hit the two-headed ogre. You burn the two-headed ogre.
The two-headed ogre is heavily wounded.
The two-headed ogre hits you with a +0 giant club!!
You die...
Your body crumbles into a pile of gold.

##### ##...## ##.....##
#.......# #.......#
####.......########
#########.O................
#.........@.........#######
############...............
#.......#...##.. ####
#...............
#####..##########.#.............
#...................###.........
#.####.........#.######.........
#.# ####.#..............)......
#.# #........#######........


You could see a two-headed ogre.

Vanquished Creatures
  Sigmund (D:4)
  A wyvern (D:8)
  A water moccasin (D:8)
  An ice beast (D:5)
  A black bear (D:5)
  A sky beast (D:6)
  4 ogres
  2 phantoms
  3 centaurs
  5 kobold brigands
  A gnoll sergeant (D:8)
  3 scorpions
  6 killer bees (D:8)
  2 gnoll boudas
  4 hounds
  2 jellies (D:5)
  4 orc priests
  2 iguanas (D:7)
  A sleepcap (D:4)
  3 orc wizards
  13 gnolls
  2 river rats (Sewer)
  13 adders
  A shadow imp (D:6)
  4 white imps
  6 ufetubi
  4 dart slugs
  9 orcs
  10 ball pythons
  3 endoplasms
  5 giant cockroaches
  5 goblins
  9 hobgoblins
  4 jackals
  6 quokkas
  7 bats
  5 frilled lizards
  27 kobolds
  27 rats
208 creatures vanquished.

Vanquished Creatures (others)
  An orc wizard (D:5)
  A white imp (D:5)
  6 plants (D:5)
8 creatures vanquished.

Grand Total: 216 creatures vanquished

Notes
Turn   | Place    | Note
-------+----------+-------------------------------------------
     0 | D:1      | AFUTANJOYER the Gnoll Fighter began the quest for the Orb.
     0 | D:1      | Reached XP level 1. HP: 23/23 MP: 1/1
   253 | D:1      | Reached XP level 2. HP: 29/29 MP: 2/2
   815 | D:2      | Reached XP level 3. HP: 35/35 MP: 2/4
   866 | D:2      | You fall into a shaft and drop 1 floor!
   879 | D:2      | Reached skill level 1 in Invocations
  1038 | D:2      | Reached skill level 1 in Short Blades
  1038 | D:2      | Reached skill level 1 in Long Blades
  1038 | D:2      | Reached skill level 1 in Maces & Flails
  1038 | D:2      | Reached skill level 1 in Polearms
  1038 | D:2      | Reached skill level 1 in Staves
  1038 | D:2      | Reached skill level 1 in Ranged Weapons
  1038 | D:2      | Reached skill level 1 in Throwing
  1038 | D:2      | Reached skill level 1 in Dodging
  1038 | D:2      | Reached skill level 1 in Stealth
  1038 | D:2      | Reached skill level 1 in Unarmed Combat
  1038 | D:2      | Reached skill level 1 in Spellcasting
  1038 | D:2      | Reached skill level 1 in Evocations
  1163 | D:2      | Reached XP level 4. HP: 41/41 MP: 5/5
  1175 | D:2      | Found a transporter.
  1175 | D:2      | Found Rugini Osig's Antique Weapon Shop.
  1237 | D:2      | Found a transporter.
  1666 | D:3      | Found Funual's Distillery.
  1680 | D:3      | Reached skill level 1 in Conjurations
  1680 | D:3      | Reached skill level 1 in Hexes
  1680 | D:3      | Reached skill level 1 in Summonings
  1680 | D:3      | Reached skill level 1 in Necromancy
  1680 | D:3      | Reached skill level 1 in Translocations
  1680 | D:3      | Reached skill level 1 in Transmutations
  1680 | D:3      | Reached skill level 1 in Fire Magic
  1680 | D:3      | Reached skill level 1 in Ice Magic
  1680 | D:3      | Reached skill level 1 in Air Magic
  1680 | D:3      | Reached skill level 1 in Earth Magic
  1680 | D:3      | Reached skill level 1 in Poison Magic
  1694 | D:3      | Reached XP level 5. HP: 47/47 MP: 5/7
  1955 | D:3      | Found Pioruad's Antique Weapon Emporium.
  1987 | D:3      | Identified the +6 sling of the Moon {drain, rC+}
  2220 | D:3      | Found a glowing silver altar of Zin.
  2454 | D:3      | Found a faded altar of an unknown god.
  2491 | D:4      | Found a glowing drain.
  2503 | D:4      | Noticed Sigmund
  2532 | D:4      | Killed Sigmund
  2533 | D:4      | Reached skill level 5 in Axes
  2533 | D:4      | Reached XP level 6. HP: 15/53 MP: 7/9
  2623 | Sewer    | Entered a sewer
  2805 | Sewer    | Reached XP level 7. HP: 32/60 MP: 10/10
  2912 | Sewer    | Found a glowing silver altar of Zin.
  2964 | D:4      | Found a staircase to the Ecumenical Temple.
  3193 | Temple   | Entered the Ecumenical Temple
  3398 | Temple   | Became a worshipper of Gozag Ym Sagoz the Greedy
  3784 | D:4      | Noticed Mango's ghost (journeyman FoFi)
  3786 | D:4      | Found a runed translucent gate.
  3786 | D:4      | Identified the +11 dagger of Basho {freeze, Dex+2 Stlth+}
  3786 | D:4      | Identified the +0 plate armour "Gorolong" {Int+2}
  3788 | D:4      | Found a runed translucent gate.
  3799 | D:4      | Found a runed translucent gate.
  3899 | D:5      | Entered Level 5 of the Dungeon
  4082 | D:5      | Reached XP level 8. HP: 40/67 MP: 12/12
  4092 | D:5      | HP: 2/67 [black bear (5)]
  4348 | D:5      | Identified the +6 dagger of Undoing {flame, rF- rC++ Will+
                  | rCorr}
  4480 | D:5      | Found a bloodstained altar of Trog.
  4588 | D:5      | Found a snail-covered altar of Cheibriados.
  5795 | D:6      | Reached XP level 9. HP: 60/73 MP: 13/15
  7126 | D:7      | Reached skill level 5 in Invocations
  7949 | D:8      | Got the Handbook of Ensorcelling
  8129 | D:8      | Noticed a two-headed ogre
  8319 | D:7      | Slain by a two-headed ogre

Illustrated notes

Levels and vault maps discovered:
D:1:      dpeg_arrival_signposts, layout_loops_ring, minmay_pentomino_p2
D:2:      layout_loops_ring, serial_shops, nicolae_shop_drivethru
D:3:      layout_loops_cross, zin_statuary,
          hellmonk_ecumenical_altar_prayer_group, serial_shops, shop_fountains,
          nicolae_shop_statue_plus, amcnicky_mini_corridor_feature,
          minmay_rat_hole
D:4:      layout_cave_pools, temple_pool_b, gup_sewer_entry_glass,
          biasface_ghost_orc_armoury, kennysheep_diamond, uniq_sigmund
D:5:      wad_lake_hut, layout_rooms, mainiacjoe_overflow_cross_hatched,
          cheibriados_altar_1, nzn_random_ring
D:6:      layout_basic, chequers_serial_rivers_small_3, eino_tiny_chamber
D:7:      layout_rooms
D:8:      layout_cave_pools, serial_shops, nicolae_lakefront_shop
Temple:   nicolae_temple_bog_church

Skill      XL: |  1  2  3  4  5  6  7  8  9 |
---------------+----------------------------+-----
Invocations    | 1 2 3 4 5 |  5.4
Short Blades   | 1 2 3 4 |  4.9
Long Blades    | 1 2 3 4 |  4.9
Maces & Flails | 1 2 3 4 |  4.9
Polearms       | 1 2 3 4 |  4.9
Staves         | 1 2 3 4 |  4.9
Ranged Weapons | 1 2 3 4 |  4.9
Throwing       | 1 2 3 4 |  4.9
Dodging        | 1 2 3 4 |  4.9
Stealth        | 1 2 3 4 |  4.9
Unarmed Combat | 1 2 3 4 |  4.9
Spellcasting   | 1 2 3 4 |  4.9
Evocations     | 1 2 3 4 |  4.9
Conjurations   | 1 2 3 4 |  4.1
Hexes          | 1 2 3 4 |  4.1
Summonings     | 1 2 3 4 |  4.1
Necromancy     | 1 2 3 4 |  4.1
Translocations | 1 2 3 4 |  4.1
Transmutations | 1 2 3 4 |  4.1
Fire Magic     | 1 2 3 4 |  4.1
Ice Magic      | 1 2 3 4 |  4.1
Air Magic      | 1 2 3 4 |  4.1
Earth Magic    | 1 2 3 4 |  4.1
Poison Magic   | 1 2 3 4 |  4.1
Axes           | 5 6 |  6.8
Fighting       | 7 8 |  8.3
Armour         | 7 8 |  8.3
Shields        | 7 8 |  8.3

Action                     |  1- 3 |  4- 6 |  7- 9 || total
---------------------------+-------+-------+-------++-------
  Melee: War axe           |    79 |   201 |   226 ||   506
         Bite              |     8 |    16 |    57 ||    81
         Dagger            |       |       |   295 ||   295
  Evoke: Wand              |       |       |     1 ||     1
         Phial of floods   |       |       |     1 ||     1
    Use: Potion            |       |       |     4 ||     4
   Stab: Distracted        |       |       |     2 ||     2
 Armour: Chain mail        |    52 |   117 |    32 ||   201
         Scale mail        |     2 |       |       ||     2
         Plate armour      |       |       |   325 ||   325
  Dodge: Dodged            |    25 |    74 |   195 ||   294
         Repelled          |       |       |     4 ||     4
  Block: Buckler           |    29 |    62 |   161 ||   252
